 Dungeon Sprint DCSS version 0.02-122-g12e50fee3c (webtiles) character file.

Game seed: 378946750828246386, levelgen mode: deterministic

891 lorenzova the Eclecticist (level 7, -5/36 HPs) Deep Elf Fire Elementalist. Began on Oct 7, 2020. Slain by a centaur warrior (7 damage) ... in the Dungeon (Sprint I: "Red Sonja"). The game lasted 00:01:34 (414 turns).

lorenzova the Eclecticist (DEFE)                     Turns: 414, Time: 00:01:35

Health: -5/36      AC:  2    Str:  5    XL:     7 ^: 152
Magic:  4/27       EV: 13    Int: 22    God:
Gold:   162        SH:  0    Dex: 15    Spells: 21/36 levels left

rFire    . . .     Vision   .   (no weapon)
rCold    . . .     Gourm    .   (no weapon)
rNeg     . . .     Faith    .   a - +0 robe
rPois    .         Spirit   .   (no helmet)
rElec    .         Reflect  .   (no cloak)
rCorr    .         Harm     .   (no gloves)
MR       .....     NoTele   +   (no boots)
Stlth    ++........             (no amulet)
HPRegen  0.22/turn              (no ring)
MPRegen  0.37/turn              (no ring)

@: no status effects
A: no striking features
a: no special abilities


You were in the Dungeon.
You were not hungry.

You visited 1 branch You collected 162 gold pieces.

Inventory:

Armour
 a - a +0 robe (worn)
Wands
 b - a wand of ensnaring (2)
Scrolls
 i - a scroll of blinking
Potions
 d - a potion of curing
 e - a potion of heal wounds
 f - a potion of haste
 g - 3 potions of magic
 h - a potion of berserk rage
Comestibles
 c - a ration


   Skills:
 - Level 2.4 Dodging
 - Level 2.4 Stealth
 + Level 15.1 Spellcasting
 + Level 13.2 Fire Magic


You had 21 spell levels left.
You knew the following spells:

 Your Spells              Type           Power        Failure   Level  Hunger
a - Foxfire               Fire           25 (25)      0%          1    None
b - Searing Ray           Fire           50 (50)      1%          2    None
c - Conjure Flame         Fire           65 (100)     1%          3    None
d - Sticky Flame          Fire/Pois      45 (100)     2%          4    None
f - Fireball              Fire           65 (200)     1%          5    ###....

Your spell library contained the following spells:

 Spells                   Type           Power        Failure   Level  Hunger
 Inner Flame              Hex/Fire       45 (100)     1%          3    None


Dungeon Overview and Level Annotations

Branches:
Dungeon (1/1)

Altars:
Makhleb
Sif Muna
Wu Jian
Xom


Message History

You don't have enough magic to cast that spell.
A centaur warrior is nearby!
The centaur warrior hits you (6).
* * * LOW HITPOINT WARNING * * *
The centaur warrior hits you (1).
* * * LOW HITPOINT WARNING * * *
Casting: Fireball (safe; 1% risk of failure)
Confirm with . or Enter, or press ? or * to list all spells.
You don't have enough magic to cast that spell.
There are monsters nearby!
You hit the centaur warrior but do no damage.
The centaur warrior is almost dead. (7/53) HP You hit the centaur warrior but do no damage.
The centaur warrior is almost dead. (7/53) HP You hit the centaur warrior (1).
The centaur warrior is almost dead. (6/53) HP You hit the centaur warrior but do no damage.
The centaur warrior is almost dead. (6/53) HP The centaur warrior hits you (7)!
You die...

################
#<.#..').#..c..#
#..†..#..')@#.....+
#..#####'#####.#__#
#..# #..# #c# ##
#..# #### #$# #..#
_.y #⌠⌠# ._# ####
#+#


You could see a centaur warrior.

Vanquished Creatures
  A centaur warrior (D)
  Sigmund (D)
  A slime creature (D)
  An ogre (D)
  Ijyb (D)
  A jelly (D)
6 creatures vanquished.

Vanquished Creatures (others)
  9 foxfires (D)
9 creatures vanquished.

Grand Total: 15 creatures vanquished

Notes
Turn   | Place    | Note
-------+----------+-------------------------------------------
     0 | D        | lorenzova the Deep Elf Fire Elementalist began the quest
                  | for the Orb.
     0 | D        | Reached XP level 1. HP: 10/10 MP: 6/6
     1 | D        | Noticed Ijyb
    11 | D        | Killed Ijyb
    11 | D        | Reached skill level 8 in Spellcasting
    11 | D        | Reached XP level 2. HP: 11/15 MP: 2/13
    11 | D        | Reached XP level 3. HP: 14/19 MP: 2/14
    11 | D        | Reached XP level 4. HP: 18/24 MP: 2/16
    18 | D        | Learned a level 2 spell: Searing Ray
    22 | D        | Learned a level 3 spell: Conjure Flame
    27 | D        | Learned a level 4 spell: Sticky Flame
    66 | D        | Noticed an ogre
    72 | D        | Killed an ogre
    72 | D        | Reached skill level 10 in Spellcasting
    72 | D        | Reached XP level 5. HP: 28/28 MP: 8/19
   223 | D        | Noticed Sigmund
   229 | D        | Killed Sigmund
   229 | D        | Reached skill level 12 in Spellcasting
   229 | D        | Reached skill level 10 in Fire Magic
   229 | D        | Reached XP level 6. HP: 23/32 MP: 12/23
   285 | D        | Found an ornate altar of the Wu Jian Council.
   285 | D        | Found a shimmering blue altar of Sif Muna.
   293 | D        | Learned a level 5 spell: Fireball
   298 | D        | Noticed a slime creature
   298 | D        | Found a burning altar of Makhleb.
   298 | D        | Found a shimmering altar of Xom.
   301 | D        | Killed a slime creature
   301 | D        | Reached skill level 13 in Spellcasting
   400 | D        | Noticed a centaur warrior
   402 | D        | Noticed a hornet
   403 | D        | Killed a centaur warrior
   403 | D        | Reached skill level 15 in Spellcasting
   403 | D        | Reached XP level 7. HP: 36/36 MP: 1/27
   414 | D        | Slain by a centaur warrior

Levels and vault maps discovered:
D:        dungeon_sprint_1 [red_sonja_temple_1, red_sonja_temple_small_1]

Skill      XL: |  1  2  3  4  5  6 |
---------------+-------------------+-----
Spellcasting   | 8 10 12 15 | 15.1
Fire Magic     | 7 8 10 13 | 13.2
Dodging        | |  2.4
Stealth        | |  2.4

Action                   |  1- 3 |  4- 6 |  7- 9 || total
-------------------------+-------+-------+-------++-------
Melee: Unarmed           |       |       |    12 ||    12
 Cast: Foxfire           |     5 |       |       ||     5
       Searing Ray       |       |     4 |       ||     4
       Conjure Flame     |       |     2 |       ||     2
       Fireball          |       |     8 |       ||     8
Dodge: Dodged            |     2 |     2 |       ||     4
